 Dungeon Crawl Stone Soup version 0.20-a0-550-gf70bbbc (webtiles) character file.

41692 terra52 the Ogre Mage (level 14, -11/114 HPs)
             Began as an Ogre Summoner on Feb 2, 2017.
             Was the Champion of Hepliaklqana.
             Hit by a large rock thrown by a stone giant (44 damage)
             ... on level 2 of the Orcish Mines on Feb 3, 2017.
             The game lasted 02:40:18 (20930 turns).

terra52 the Ogre Mage (Ogre Summoner)              Turns: 20930, Time: 02:40:18

Health: -11/114    AC:  6    Str: 15    XL:     14   Next: 16%
Magic:  30/33      EV: 11    Int: 20    God:    Hepliaklqana [******]
Gold:   2096       SH:  0    Dex:  9    Spells: 5/43 levels left

rFire    . . .     SeeInvis +   M - +9 staff of Olgreb {rPois}
rCold    . . .     Gourm    .   P - +0 troll leather armour
rNeg     . . .     Faith    +   (no shield)
rPois    ∞         Spirit   .   (helmet restricted)
rElec    .         Reflect  .   y - +0 cloak
rCorr    .         Harm     .   (gloves unavailable)
MR       +....                  (boots unavailable)
Stlth    +.........             I - amulet of faith
Regen    0.7/turn               w - ring of poison resistance
                                X - ring of see invisible

@: no status effects
A: unfitting armour, reduced essence, tough skin 1
a: Recall Ancestor, Ancestor Identity, Transference, Idealise, Renounce Religion


You were on level 2 of the Orcish Mines.
You worshipped Hepliaklqana.
Hepliaklqana was exalted by your worship.
You were not hungry.

You visited 3 branches of the dungeon, and saw 18 of its levels.
You also visited: Ossuary and Ice Cave.

You collected 2096 gold pieces.

Inventory:

Hand Weapons
 M - the +9 staff of Olgreb (weapon) {rPois}
   (You found it on level 5 of the Dungeon)

   It protects you from poison.
 Z - a +3 trident of holy wrath
Missiles
 e - 46 tomahawks (quivered)
 v - 4 javelins of returning
 Y - 4 large rocks
Armour
 y - a +0 cloak (worn)
 H - the +7 ice dragon scales of Evolution {-Tele *Slow rF- rC++ rN+++ Str+5}
   (You found it in an ice cave)

   It affects your strength (+5).
   It makes you vulnerable to fire.
   It greatly protects you from cold.
   It renders you almost immune to negative energy.
   It prevents most forms of teleportation.
   It may slow you when you take damage.
 P - a +0 troll leather armour (worn)
Magical Staves
 W - an uncursed staff of cold
Jewellery
 s - an uncursed ring of protection from fire
 t - an uncursed ring of stealth
 w - a ring of poison resistance (right hand)
 F - an uncursed ring of flight
 I - an amulet of faith (around neck)
 J - an uncursed amulet of regeneration
 L - an uncursed ring of protection from magic
 X - a ring of see invisible (left hand)
Wands
 a - a wand of iceblast (9/15)
 b - a wand of digging (7/24)
 C - a wand of scattershot (2/9)
 G - a wand of scattershot (3/9)
 U - a wand of lightning (6/15)
 V - a wand of lightning (12/15)
Scrolls
 i - 12 scrolls of remove curse
 n - 3 scrolls of amnesia
 o - a scroll of summoning
 u - 11 scrolls of teleportation
 Q - 3 scrolls of blinking
 R - 5 scrolls of fog
 S - 4 scrolls of magic mapping
 T - 2 scrolls of enchant weapon
Potions
 d - 3 potions of flight
 h - 8 potions of curing
 k - 4 potions of haste
 l - a potion of brilliance
 x - 2 potions of cure mutation
 z - 2 potions of ambrosia
 B - 3 potions of lignification
 D - 4 potions of heal wounds
 E - 6 potions of might
 N - 2 potions of berserk rage
 O - 2 potions of mutation
Books
 f - a book of the Dragon

   Spells                             Type                      Level
   a - Flame Tongue                   Conjuration/Fire             1
   b - Cause Fear                     Hexes                        4
   c - Bolt of Fire                   Conjuration/Fire             6
   d - Dragon Form                    Transmutation                7
   e - Dragon's Call                  Summoning                    9
 m - a book of Beasts

   Spells                             Type                      Level
   a - Summon Butterflies             Summoning                    1
   b - Call Canine Familiar           Summoning                    3
   c - Summon Ice Beast               Ice/Summoning                4
   d - Summon Mana Viper              Hexes/Summoning              5
   e - Summon Hydra                   Summoning                    7
Miscellaneous
 r - a phantom mirror
 K - a lamp of fire (inert)
Comestibles
 c - 14 bread rations
 j - 9 meat rations
 p - 6 royal jellies
 q - 3 chunks of flesh
 A - 9 fruits


   Skills:
 + Level 5.6 Fighting
 - Level 0.2 Staves
 + Level 1.4 Throwing
 + Level 2.6 Armour
 + Level 4.7 Dodging
 - Level 1.4 Stealth
 * Level 15.4 Spellcasting
 + Level 4.4 Hexes
 * Level 12.4 Summonings
 + Level 4.2 Translocations
 + Level 1.1 Fire Magic
 + Level 5.0 Ice Magic
 + Level 3.7 Air Magic
 + Level 0.2 Invocations
 + Level 5.4 Evocations


You had 5 spell levels left.
You knew the following spells:

 Your Spells              Type           Power        Failure   Level  Hunger
a - Summon Small Mammal   Summ           ####         1%          1    None
b - Call Canine Familiar  Summ           ######..     1%          3    None
c - Call Imp              Summ           ######..     1%          2    None
d - Summon Guardian Gole  Hex/Summ       #####...     1%          3    None
e - Summon Ice Beast      Ice/Summ       ######..     1%          4    None
f - Summon Lightning Spi  Summ/Air       #####...     1%          4    None
g - Inner Flame           Hex/Fire       ####....     6%          3    None
h - Blink                 Tloc           N/A          1%          2    None
i - Lesser Beckoning      Tloc           ####......   2%          3    None
j - Summon Hydra          Summ           ######....   28%         7    ######.
k - Summon Butterflies    Summ           ######..     1%          1    None
l - Summon Mana Viper     Hex/Summ       #####...     6%          5    ###....


Dungeon Overview and Level Annotations

Branches:
Dungeon (10/15)            Temple (0/1) D:5            Lair (6/6) D:10
 Shoals (0/4) Lair:3        Snake (0/4) Lair:3        Slime (0/5) Lair:6
    Orc (2/2) D:10            Elf (0/3) Orc:2

Altars:
Fedhas
Gozag
Hepliaklqana
Makhleb
Sif Muna
Trog
Xom
Beogh
Jiyva

Shops:
D:9 *


Innate Abilities, Weirdness & Mutations

You are too large for most types of armour.
You have tough skin. (AC +1)
Your life essence is reduced. (-10% HP)


Message History

b - a wand of digging (7/24)
Found an escape hatch in the ceiling.
Found 14 gold pieces.
A stone giant comes into view.
The stone giant shouts!
The stone giant moves out of view.
The stone giant throws a large rock.
The large rock hits you!!
An orc wizard comes into view. It is wielding a dagger.
You see here a large rock.
You hear the slow rumble of a distant avalanche of rocks.
The stone giant throws a large rock.
The large rock hits you!!
You see here a large rock.
The stone giant throws a large rock.
The large rock hits you!!
* * * LOW HITPOINT WARNING * * *
You see here a large rock.
Casting: Summon Guardian Golem
Confirm with . or Enter, or press ? or * to list all spells.
A guardian golem appears, shielding your allies.
The stone giant throws a large rock.
The large rock hits you!!!
You die...

*** ##.#* ##...* *....##
**....## **#...####
***** #...<#@## **,*,**
#...#oR(#**#,,,,,*
###.#.8.(##.#..#,**
##....#...(...o.#**
####....####....#.##
##.#......##.....#,**
#...#..#..##....#..,*
##..###.#...##....C.#**
**
#...#.......#.......#,**
**,


You could see the friendly Nindada the battlemage, a stone giant, an orc and a
friendly guardian golem.

Vanquished Creatures
  An oklob plant (Lair:6)
  3 elephants
  A hippogriff (Lair:1)
  2 blink frogs (Lair:3)
  A basilisk (Lair:6)
  2 fire bats (Lair:6)
  2 water moccasins
  2 soldier ants (D:5)
  A phantom (D:5)
  A slave (D:8)
  2 orc warriors (D:8)
  An ogre (D:7)
  2 wolves (Lair:6)
  A crocodile (Lair:2)
  3 bullfrogs
  A wyvern zombie (Ossuary)
  A wyvern skeleton (D:6)
  A killer bee (D:10)
  A quasit (D:5)
  A centaur zombie (Ossuary)
  2 jellies
  A bullfrog skeleton (D:6)
  2 orc priests
  2 orc wizards
  A battlemage (D:8)
  2 worker ants
  A hell rat (Lair:4)
  A killer bee zombie (Ossuary)
  A hound zombie (Ossuary)
  A gnoll (D:3)
  2 adders
  A shadow imp (D:6)
  2 worms
  2 leopard geckos
  20 orcs
  4 giant cockroaches
  5 hobgoblins
  3 quokkas
  7 bats
  2 frilled lizards
  A giant cockroach zombie (D:6)
  5 goblins (D:1)
  19 kobolds
  A quokka zombie (Ossuary)
  A rat (D:2)
  A plant (Lair:3)
120 creatures vanquished.

Vanquished Creatures (collateral kills)
  4 hydras
  Erica (D:8)
  A catoblepas (Lair:6)
  5 death yaks (Lair:6)
  A two-headed ogre (D:8)
  A deep troll shaman (Lair:6)
  An unseen horror (D:10)
  Pikel (D:8)
  A lindwurm (Lair:6)
  An ugly thing (IceCv)
  21 elephants
  3 merfolk sirens (Lair:3)
  2 oklob plants (Lair:6)
  Joseph (D:8)
  16 spiny frogs
  4 black mambas
  Maurice (D:9)
  3 ice statues (IceCv)
  A rime drake (Lair:1)
  6 komodo dragons
  2 trolls
  2 polar bears (Lair:6)
  A merfolk (Lair:3)
  9 blink frogs
  7 dream sheep
  Grinder (D:6)
  4 hippogriffs
  A wyvern (Lair:4)
  A shadow (D:10)
  A vampire (D:10)
  Eustachio (D:6)
  A fire bat (Lair:6)
  11 yaks
  Edmund (D:6)
  2 wargs (D:10)
  2 soldier ants (D:5)
  Duvessa (D:6)
  6 water moccasins
  4 porcupines
  17 ice beasts
  A sky beast (D:10)
  2 black bears
  11 orc warriors
  14 wolves
  An ogre (D:5)
  A centaur (D:9)
  7 crocodiles
  8 bullfrogs
  7 big kobolds
  A wyvern zombie (Ossuary)
  Dowan (D:6)
  3 scorpions
  2 wyvern skeletons
  15 killer bees
  9 wights
  An electric eel (Lair:4)
  2 jellies
  4 crimson imps
  2 centaur zombies (Ossuary)
  3 hounds
  A lava snake (Lair:6)
  10 orc priests
  3 centaur skeletons
  Crazy Yiuf (D:6)
  4 bullfrog skeletons
  19 orc wizards
  6 hell rats (Lair:4)
  6 worker ants
  3 killer bee zombies
  2 battlemagi
  2 hound zombies (Ossuary)
  A hound skeleton (D:5)
  15 mummies (Ossuary)
  Robin (D:3)
  3 howler monkey zombies (Ossuary)
  A worker ant zombie (Ossuary)
  12 gnolls
  11 adders
  4 shadow imps
  3 adder zombies (Ossuary)
  A worm (D:4)
  2 dart slugs
  4 leopard geckos
  50 orcs
  A giant cockroach (D:3)
  20 goblins
  7 hobgoblins
  6 jackals
  39 kobolds
  A quokka (D:6)
  A ball python (D:4)
  A bat (D:3)
  A leopard gecko skeleton (D:5)
  A quokka zombie (Ossuary)
  5 rats
  A fungus (Lair:6)
  4 plants
  A withered plant (Ossuary)
499 creatures vanquished.

Vanquished Creatures (others)
  A death yak (Lair:6)
  The ghost of Krakonus1 the Basher, a novice OgGl of Trog (D:8)
  An oklob plant (Lair:6)
  An ugly thing (IceCv)
  2 elephants
  A soldier ant (D:5)
  A water moccasin (Lair:5)
  2 orc warriors
  A slave (D:8)
  A bullfrog (D:8)
  13 battlemagi
  A hound zombie (D:8)
  2 ancestors
  2 fungi
  4 plants
  2 withered plants (Ossuary)
36 creatures vanquished.

Grand Total: 655 creatures vanquished

Notes
Turn   | Place    | Note
-------+----------+-------------------------------------------
     0 | D:1      | terra52 the Ogre Summoner began the quest for the Orb.
     0 | D:1      | Reached XP level 1. HP: 16/16 MP: 3/3
   563 | D:1      | Reached XP level 2. HP: 21/24 MP: 3/5
  1475 | D:1      | Reached skill level 3 in Spellcasting
  1475 | D:1      | Reached XP level 3. HP: 31/31 MP: 1/7
  1480 | D:1      | Learned a level 3 spell: Call Canine Familiar
  1483 | D:1      | Learned a level 2 spell: Call Imp
  2917 | D:3      | Noticed a bullfrog
  2926 | D:3      | Killed a bullfrog
  2926 | D:3      | Reached skill level 1 in Fighting
  2926 | D:3      | Reached XP level 4. HP: 12/41 MP: 2/9
  3498 | D:3      | Noticed a big kobold
  3529 | D:3      | Reached skill level 4 in Spellcasting
  3561 | D:3      | Reached XP level 5. HP: 44/48 MP: 4/11
  3962 | D:4      | Found a blossoming altar of Fedhas.
  4054 | D:4      | Found a deep blue altar of Sif Muna.
  4054 | D:4      | Found a burning altar of Makhleb.
  4057 | D:4      | Found a hazy altar of Hepliaklqana.
  4065 | D:4      | Became a worshipper of Hepliaklqana the Forgotten
  4301 | D:4      | Reached skill level 5 in Spellcasting
  4301 | D:4      | Reached XP level 6. HP: 49/49 MP: 9/13
  4679 | D:4      | Reached skill level 5 in Summonings
  5043 | D:3      | Reached * piety under Hepliaklqana
  5223 | D:3      | Noticed Robin
  5264 | D:3      | Killed Robin
  5270 | D:3      | Reached skill level 6 in Spellcasting
  5270 | D:3      | Reached XP level 7. HP: 45/56 MP: 0/16
  5580 | D:5      | Entered Level 5 of the Dungeon
  5609 | D:5      | Found a runed gate.
  5609 | D:5      | Noticed a soldier ant
  5611 | D:5      | Found a runed door.
  5622 | D:5      | Found a runed gate.
  5622 | D:5      | Found a runed gate.
  5623 | D:5      | Noticed a soldier ant
  5623 | D:5      | Noticed a soldier ant
  5624 | D:5      | Noticed a soldier ant
  5634 | D:5      | Found a runed door.
  5638 | D:5      | Noticed a soldier ant
  5653 | D:5      | Learned a level 3 spell: Summon Guardian Golem
  5658 | D:5      | Learned a level 4 spell: Summon Ice Beast
  5663 | D:5      | Learned a level 4 spell: Summon Lightning Spire
  6071 | D:5      | Reached skill level 1 in Ice Magic
  6264 | D:5      | Reached skill level 1 in Air Magic
  6301 | D:5      | Found a staircase to the Ecumenical Temple.
  6402 | D:6      | Noticed Edmund
  6415 | D:6      | Killed Edmund
  6415 | D:6      | Reached XP level 8. HP: 66/66 MP: 11/18
  6559 | D:6      | Reached skill level 1 in Throwing
  6661 | D:6      | Reached skill level 7 in Spellcasting
  6685 | D:6      | Noticed Grinder
  6701 | D:6      | Killed Grinder
  6900 | D:6      | Noticed Duvessa
  6900 | D:6      | Noticed Dowan
  6909 | D:6      | Killed Duvessa
  6917 | D:6      | Killed Dowan
  7018 | D:6      | Reached ** piety under Hepliaklqana
  7019 | D:6      | Remembered your ancestor Nindada as a battlemage
  7034 | D:6      | Reached XP level 9. HP: 57/74 MP: 20/20
  7140 | D:6      | Found a runed door.
  7296 | D:6      | Noticed Eustachio
  7302 | D:6      | Killed Eustachio
  7302 | D:6      | Reached skill level 8 in Spellcasting
  7506 | D:6      | Noticed Crazy Yiuf
  7515 | D:6      | Killed Crazy Yiuf
  7752 | D:7      | Learned a level 3 spell: Inner Flame
  8445 | D:6      | Reached skill level 9 in Spellcasting
  8580 | D:5      | Reached skill level 1 in Hexes
  8596 | D:5      | Reached XP level 10. HP: 82/82 MP: 3/23
  8944 | D:8      | Found a runed door.
  9027 | D:8      | Found an opulent altar of Gozag.
  9038 | D:8      | Noticed a two-headed ogre
  9057 | D:8      | Killed a two-headed ogre
  9111 | D:8      | Reached *** piety under Hepliaklqana
  9146 | D:8      | Noticed Pikel
  9163 | D:8      | Killed Pikel
  9163 | D:8      | Reached skill level 10 in Spellcasting
  9246 | D:8      | Found a sand-covered staircase.
  9251 | Ossuary  | Entered an ossuary
  9464 | Ossuary  | Reached skill level 1 in Evocations
  9774 | D:8      | Noticed Erica
  9784 | D:8      | Killed Erica
 10070 | D:8      | Noticed Krakonus1's ghost (novice OgGl)
 10082 | D:8      | Killed Krakonus1's ghost
 10695 | D:8      | Noticed Joseph
 10710 | D:8      | Killed Joseph
 10710 | D:8      | Reached XP level 11. HP: 58/90 MP: 23/25
 10870 | D:8      | Found a roughly hewn altar of Beogh.
 11143 | D:9      | Reached skill level 11 in Spellcasting
 11157 | D:9      | Reached skill level 1 in Fire Magic
 11255 | D:9      | Found Vaumy's General Store.
 11270 | D:9      | You fall through a shaft!
 11270 | D:10     | Entered Level 10 of the Dungeon
 11612 | D:10     | Reached skill level 5 in Fighting
 11642 | D:10     | Reached **** piety under Hepliaklqana
 11709 | D:9      | Noticed Maurice
 11729 | D:9      | Killed Maurice
 11814 | D:9      | Found a bloodstained altar of Trog.
 12099 | D:10     | Reached skill level 10 in Summonings
 12327 | D:10     | Found a staircase to the Lair.
 12575 | D:10     | Found a shimmering altar of Xom.
 12690 | D:10     | Killed an unseen horror
 12888 | D:10     | Found a staircase to the Orcish Mines.
 12901 | Orc:1    | Entered Level 1 of the Orcish Mines
 13114 | Lair:1   | Entered Level 1 of the Lair of Beasts
 13195 | Lair:1   | Reached ***** piety under Hepliaklqana
 13365 | Lair:1   | Reached skill level 1 in Armour
 13655 | Lair:1   | Reached skill level 12 in Spellcasting
 13927 | Lair:2   | Noticed a six-headed hydra
 13935 | Lair:2   | Killed a six-headed hydra
 13954 | Lair:2   | Learned a level 2 spell: Blink
 14107 | Lair:2   | Reached XP level 12. HP: 99/99 MP: 22/28
 14195 | Lair:2   | Reached skill level 1 in Translocations
 14701 | Lair:3   | Found a staircase to the Shoals.
 14902 | Lair:3   | Reached skill level 13 in Spellcasting
 15433 | Lair:3   | Learned a level 3 spell: Lesser Beckoning
 15593 | Lair:3   | Found a staircase to the Snake Pit.
 15864 | Lair:4   | Found a frozen archway.
 15911 | IceCv    | Entered an ice cave
 15965 | IceCv    | Learned a level 7 spell: Summon Hydra
 16026 | IceCv    | Reached XP level 13. HP: 107/107 MP: 21/30
 16304 | IceCv    | Got heavily runed ice dragon scales
 16315 | IceCv    | Identified the +7 ice dragon scales of Evolution {-Tele *Slow rF- rC++ rN+++ Str+5} (You found it in an ice cave)
 16567 | Lair:4   | Reached skill level 5 in Evocations
 16728 | Lair:4   | Reached skill level 14 in Spellcasting
 17421 | Lair:4   | Learned a level 1 spell: Summon Butterflies
 17426 | Lair:4   | Learned a level 4 spell: Cause Fear
 17638 | Lair:5   | Reached ****** piety under Hepliaklqana
 17813 | Lair:5   | Learned a level 5 spell: Summon Mana Viper
 18451 | Lair:6   | Entered Level 6 of the Lair of Beasts
 18457 | Lair:6   | Found a viscous altar of Jiyva.
 18457 | Lair:6   | Found a staircase to the Slime Pits.
 19660 | Lair:6   | Reached skill level 15 in Spellcasting
 19759 | Lair:6   | Reached XP level 14. HP: 107/114 MP: 3/33
 20174 | Lair:6   | Reached skill level 5 in Ice Magic
 20612 | Orc:1    | Found a roughly hewn altar of Beogh.
 20878 | Orc:2    | Entered Level 2 of the Orcish Mines
 20905 | Orc:2    | Found a staircase to the Elven Halls.
 20925 | Orc:2    | Noticed a stone giant
 20930 | Orc:2    | Hit by a large rock thrown by a stone giant

Vault maps used:
D:1:      matt_arrival_grand_opening, serial_co_window_serial,
          co_window_paths_b, co_window_corner_a, co_window_paths_b,
          co_window_cross_1, co_window_corner_a, co_window_paths_c,
          co_window_corner_b, co_window_broadway_b, co_window_unsneaky_path_b,
          co_window_4corner_b, co_window_paths_e, glass_columns_a,
          glass_columns_a, glass_columns_a
D:3:      minmay_goblin_kobold_castle, first_bread, uniq_robin
D:4:      gammafunk_temple_overflow_forgotten, serial_bayou_pond_b,
          fedhas_altar_2
D:5:      temple_statues, st_stairs_8, minmay_misc_feat_diagonals,
          minmay_guarded_unrand_staff_of_olgreb
D:6:      uniq_duvessa, uniq_eustachio, uniq_edmund, uniq_grinder,
          uniq_crazy_yiuf_cottage
D:8:      lemuel_crystal_altar, nicolae_ossuary_entry_false_entrances,
          lightli_church_of_beogh, uniq_pikel, uniq_erica, uniq_joseph
D:9:      lightli_temple_of_fire, serial_shops, shop, uniq_maurice
D:10:     erik_lair_orcish_takeover, david_orc_4, basic_altar
Lair:1:   minivault_27
Lair:2:   infiniplex_staircase_pool
Lair:3:   elwin_shoals_entry_stream, dummy_snake_entry, hibernation_bobbens,
          lemuel_fruit_fields
Lair:4:   portal_ice_cave_entry_ice_beasts, infiniplex_staircase_pool_2,
          serial_bayou_shore_a
Lair:5:   minivault_11, beast_lair_carwin_1
Lair:6:   grunt_lair_end_beastmaster, slime_altar_1, minmay_lair_oklob_chamber
Orc:1:    basic_altar
Orc:2:    grunt_orc_gardens, grunt_orc_garden, grunt_orc_garden,
          grunt_orc_garden, grunt_orc_garden, nicolae_volcano_entry_s_turn
Ossuary:  ossuary_zaba_flooded
IceCv:    ice_cave_statue_garden_chambered

Skill      XL: |  1  2  3  4  5  6  7  8  9 10 11 12 13 14 |
---------------+-------------------------------------------+-----
Dodging        | 2 3 4 |  4.7
Summonings     | 4 5 6 8 9 10 11 12 | 12.4
Spellcasting   | 3 4 5 6 7 9 10 12 13 15 | 15.4
Fighting       | 1 2 3 4 5 |  5.6
Ice Magic      | 1 2 3 4 5 |  5.0
Air Magic      | 1 2 3 |  3.7
Throwing       | 1 |  1.4
Hexes          | 1 2 3 4 |  4.4
Evocations     | 2 3 4 5 |  5.4
Fire Magic     | 1 |  1.1
Armour         | 2 |  2.6
Translocations | 3 4 |  4.2
Staves         | |  0.2
Stealth        | |  1.4
Invocations    | |  0.2

Action                   |  1- 3 |  4- 6 |  7- 9 | 10-12 | 13-15 || total
-------------------------+-------+-------+-------+-------+-------++-------
Melee: Hand axe          |    31 |       |       |       |       ||    31
       Unarmed           |     9 |       |       |       |       ||     9
       Spear             |    55 |   155 |   222 |       |       ||   432
       Staff             |       |       |       |   102 |    42 ||   144
Throw: Stone             |    26 |     8 |     8 |     1 |       ||    43
       Tomahawk          |       |       |       |     2 |       ||     2
 Cast: Summon Small Mamm |    37 |     2 |       |       |       ||    39
       Call Canine Famil |    17 |    28 |    28 |    32 |     5 ||   110
       Call Imp          |     2 |    17 |    22 |    23 |     8 ||    72
       Summon Ice Beast  |       |       |     2 |    28 |    75 ||   105
       Summon Guardian G |       |       |     9 |    64 |    46 ||   119
       Inner Flame       |       |       |     3 |     7 |     1 ||    11
       Summon Lightning  |       |       |     2 |    13 |    10 ||    25
       Blink             |       |       |       |     1 |     6 ||     7
       Cause Fear        |       |       |       |       |     1 ||     1
       Summon Butterflie |       |       |       |       |     1 ||     1
       Summon Mana Viper |       |       |       |       |     1 ||     1
Invok: Recall Ancestor   |       |     1 |     1 |     3 |     1 ||     6
       Ancestor Life: Ba |       |       |     1 |       |       ||     1
       Transference      |       |       |       |     2 |       ||     2
       Idealise          |       |       |       |       |     1 ||     1
 Abil: Evoke Flight      |       |       |       |     3 |       ||     3
Evoke: Staff of Olgreb   |       |       |       |    29 |    21 ||    50
       Lamp of fire      |       |       |       |       |     1 ||     1
  Use: Scroll            |       |     4 |     2 |    20 |     7 ||    33
       Potion            |       |     3 |       |     1 |       ||     4
 Stab: Distracted        |     1 |     1 |     4 |     3 |     1 ||    10
       Sleeping          |       |     1 |     3 |     1 |       ||     5
  Eat: Chunk             |     8 |     9 |    13 |    20 |    11 ||    61
       Meat ration       |       |       |       |     1 |     1 ||     2
Armor: Robe              |    36 |    35 |    45 |    32 |     7 ||   155
       Skin              |       |    42 |       |       |       ||    42
       Troll leather arm |       |       |       |    17 |    23 ||    40
Dodge: Dodged            |    59 |    63 |    69 |   126 |    64 ||   381
